 Dungeon Crawl Stone Soup version 0.21.1-1-g345015f (webtiles) character file.

210 kae the Insei (level 5, -1/35 HPs)
             Began as an Octopode Transmuter on June 14, 2018.
             Slain by a hippogriff (11 damage)
             ... on level 3 of the Dungeon.
             The game lasted 00:03:31 (3577 turns).

kae the Insei (Octopode Transmuter)                 Turns: 3577, Time: 00:03:32

Health: -1/35      AC:  1    Str:  7    XL:     5   Next: 88%
Magic:  8/9        EV: 14    Int: 15    God:
Gold:   208        SH:  0    Dex: 14    Spells: 3/9 levels left

rFire    . . .     SeeInvis .     - Unarmed
rCold    . . .     Gourm    +   (no shield)
rNeg     . . .     Faith    .   (helmet restricted)
rPois    .         Spirit   .   i - amulet of the gourmand
rElec    .         Reflect  .   g - -2 ring of strength
rCorr    .         Harm     .   (no ring)
MR       .....                  (no ring)
Stlth    ++........             (no ring)
HPRegen  0.11/turn              (no ring)
MPRegen  0.11/turn              (no ring)
                                (no ring)
                                (no ring)

@: no status effects
A: almost no armour, stealthy swim, amphibious, 8 rings, constrict 8, camouflage
1, gelatinous body 1
a: no special abilities


You were on level 3 of the Dungeon.
You were not hungry.

You visited 1 branch of the dungeon, and saw 4 of its levels.

You collected 208 gold pieces.

Inventory:

Missiles
 a - 53 arrows
Jewellery
 f - an uncursed ring of see invisible {unknown}
 g - a -2 ring of strength (left tentacle)
 i - an amulet of the gourmand (around mantle)
Scrolls
 d - 3 scrolls of identify
 k - a scroll of magic mapping
 m - 2 scrolls of blinking
 n - 2 scrolls of enchant weapon
 o - a scroll of noise {unknown}
Potions
 e - 3 potions of mutation
 h - a potion of curing
 j - a potion of heal wounds {unknown}
 l - a potion of berserk rage
Books
 b - a book of Changes

   Spells                             Type                      Level
   a - Beastly Appendage              Transmutation                1
   b - Sticks to Snakes               Transmutation                2
   c - Spider Form                    Transmutation/Poison         3
   d - Ice Form                       Ice/Transmutation            4
   e - Blade Hands                    Transmutation                5
Comestibles
 c - 5 rations


   Skills:
 + Level 2.4 Fighting
 + Level 2.9 Dodging
 * Level 4.4 Unarmed Combat
 + Level 2.7 Spellcasting
 + Level 2.9 Transmutations


You had 3 spell levels left.
You knew the following spells:

 Your Spells              Type           Power        Failure   Level  Hunger
a - Beastly Appendage     Tmut           ##....       6%          1    #......
b - Sticks to Snakes      Tmut           ##......     10%         2    ##.....
c - Spider Form           Tmut/Pois      #.........   32%         3    ###....


Dungeon Overview and Level Annotations

Branches:
Dungeon (4/15)
 Temple: D:4-7

Altars:
Xom

Annotations:
D:4 LairdRich's ghost, amateur MiBe


Innate Abilities, Weirdness & Mutations

You cannot wear most types of armour.
You are very stealthy in the water. (Stealth+)
You are amphibious.
You can wear up to eight rings at the same time.
You can use your tentacles to constrict eight enemies at once.
Your skin changes colour to match your surroundings (Stealth+).
Your rubbery body absorbs attacks. (AC +1, EV +1)


Message History

The hippogriff completely misses you.
You hit the hippogriff.
The hippogriff looks as sick as possible!
The hippogriff is lightly wounded.
The hippogriff bites you. The hippogriff barely misses you.
The hippogriff claws you. The dart slug completely misses you.
The hippogriff bites you! The hippogriff pecks you. The hippogriff claws you.
* * * LOW HITPOINT WARNING * * *
Your transformation has ended.
There is a stone staircase leading up here.
The hippogriff closely misses you. The hippogriff pecks you.
* * * LOW HITPOINT WARNING * * *
The hippogriff claws you.
* * * LOW HITPOINT WARNING * * *
You climb upwards.
There is a stone staircase leading down here.
Unknown command.
Unknown command.
It was a potion of curing.
You feel better. The hippogriff bites you!
You die...

#[..................#
#................####
...........).....#
.................#
.....######......#####
.....# ##.........#
.....# #.........#
.....#######.........##
...........'...H@.....#
........####..........#
........# ##.......#.#
........#####.......#.#
.............[......#.#
###'#'######(.......#.#
###.#.# #......(.#.#
.##.#.######..(.....#.#
.##+#......'........'.#


You could see a hippogriff.

Vanquished Creatures
  A howler monkey (D:4)
  An iguana (D:4)
  6 adders
  2 oozes
  A worm (D:3)
  A dart slug (D:2)
  2 leopard geckos
  7 orcs (D:3)
  3 giant cockroaches
  11 goblins
  6 hobgoblins
  5 jackals
  8 kobolds
  A quokka (D:3)
  7 bats
  6 frilled lizards
  6 rats
74 creatures vanquished.

Notes
Turn   | Place    | Note
-------+----------+-------------------------------------------
     0 | D:1      | kae the Octopode Transmuter began the quest for the Orb.
     0 | D:1      | Reached XP level 1. HP: 13/13 MP: 3/3
   127 | D:1      | Reached XP level 2. HP: 18/18 MP: 3/5
   646 | D:2      | Reached XP level 3. HP: 19/23 MP: 4/6
   662 | D:2      | Learned a level 2 spell: Sticks to Snakes
   670 | D:2      | Learned a level 3 spell: Spider Form
   871 | D:2      | Found a shimmering altar of Xom.
  1155 | D:2      | Reached XP level 4. HP: 29/29 MP: 5/7
  2349 | D:3      | Reached skill level 4 in Unarmed Combat
  2725 | D:3      | Reached XP level 5. HP: 33/34 MP: 6/8
  3104 | D:4      | Noticed an ogre
  3443 | D:4      | Noticed LairdRich's ghost (amateur MiBe)
  3563 | D:4      | Noticed a hippogriff
  3577 | D:3      | Slain by a hippogriff

Skill      XL: |  1  2  3  4 |
---------------+-------------+-----
Fighting       | 2 |  2.4
Unarmed Combat | 4 |  4.4
Dodging        | |  2.9
Spellcasting   | |  2.7
Transmutations | |  2.9

Action                   |  1- 3 |  4- 6 || total
-------------------------+-------+-------++-------
Melee: Unarmed           |    64 |   105 ||   169
       Constrict         |    21 |    24 ||    45
       Kick              |    12 |    10 ||    22
       Tentacles         |    10 |    10 ||    20
       Punch             |     2 |     2 ||     4
 Cast: Beastly Appendage |    16 |    12 ||    28
       Spider Form       |       |     3 ||     3
  Use: Scroll            |     7 |     4 ||    11
       Potion            |       |     7 ||     7
 Stab: Sleeping          |       |     3 ||     3
  Eat: Chunk             |     3 |     8 ||    11
Armor: Skin              |     6 |    14 ||    20
Dodge: Dodged            |    47 |    95 ||   142
